 Dungeon Crawl Stone Soup version 0.28-a0-556-gab23d0e057 (webtiles) character file.

Game seed: 3790645357593096242

187 robertstho the Magician (level 5, -8/37 HPs)
             Began as a Djinni Fire Elementalist on Sept 28, 2021.
             Killed by divine providence
             ... invoked by an orc priest
              (12 damage)
             ... on level 4 of the Dungeon.
             The game lasted 00:04:57 (4597 turns).

robertstho the Magician (Djinni Fire Elementalist)  Turns: 4597, Time: 00:04:58

Health: -8/37      AC:  6    Str:  7    XL:     5   Next: 99%
Gold:   195        EV: 12    Int: 18    God:
                   SH:  5    Dex: 13

rFire   + + .      SeeInvis .   h - +0 short sword
rCold   x . .      Faith    .   (no shield)
rNeg    . . .      Spirit   .   a - +0 robe
rPois   ∞          Reflect  +   (no helmet)
rElec   .          Harm     .   (no cloak)
rCorr   .          Rampage  .   (no gloves)
Will    .....                   (boots unavailable)
Stlth   ++........              o - amulet of reflection
HPRegen 0.12/turn               i - +4 ring of slaying
MPRegen 0.00/turn               q - +4 ring of protection

@: flying
A: sickness immunity, fire resistance 2, cold vulnerability 1, float, innate
caster, hp casting, extra vitality 1
a: no special abilities


You were on level 4 of the Dungeon.
You visited 1 branch of the dungeon, and saw 4 of its levels.

You collected 195 gold pieces.

Inventory:

Hand Weapons
 h - a +0 short sword (weapon)
Armour
 a - a +0 robe (worn)
Jewellery
 d - a +6 ring of strength
 i - a +4 ring of slaying (left hand)
 m - a ring of ice
 o - an amulet of reflection (around neck)
 q - a +4 ring of protection (right hand)
Wands
 u - a wand of mindburst (17)
Scrolls
 e - 3 scrolls of teleportation
 f - 2 scrolls of fear
 g - a scroll of magic mapping {unknown}
 r - a scroll of enchant weapon {unknown}
 t - a scroll of amnesia {unknown}
Potions
 b - 5 potions of curing {unknown}
 c - 2 potions of brilliance {unknown}
 j - 3 potions of heal wounds {unknown}
 k - 3 potions of haste {unknown}
 l - a potion of magic {unknown}
 n - a potion of flight {unknown}
 p - a potion of attraction {unknown}
 s - a potion of experience {unknown}


   Skills:
 * Level 1.4 Fighting
 + Level 0.3 Short Blades
 + Level 2.4 Dodging
 + Level 2.1 Stealth
 * Level 4.2 Spellcasting


You couldn't memorise any spells.
You knew the following spells:

 Your Spells              Type           Power      Damage    Failure   Level
a - Foxfire               Conj/Fire      76%        2x1d7     2%          1
b - Scorch                Fire           38%        2d6       3%          2
c - Conjure Flame         Conj/Fire      19%        6-21      8%          3
d - Inner Flame           Hex/Fire       19%        N/A       8%          3
e - Flame Wave            Conj/Fire      19%        3d5       24%         4
f - Animate Skeleton      Necr           38%        N/A       2%          1
g - Slow                  Hex            19%        N/A       3%          2
Your spell library was empty.

Dungeon Overview and Level Annotations

Branches:
Dungeon (4/15)
 Temple: D:4-7

Altars:
Ashenzari
Wu Jian


Innate Abilities, Weirdness & Mutations

You are immune to sickness and miasma.
You are immune to poison.
Your flesh is very heat resistant. (rF++)
You are vulnerable to cold. (rC-)
You float through the air rather than walking.
You learn spells naturally, not from books.
Your magical power is your life essence.
You have superior vitality. (+4 HP)


Message History

The orc shouts! x2
A goblin comes into view. It is wielding a +0 dagger.
The orc shouts!
The goblin shouts!
The orc priest shouts!
Casting: Scorch (safe; 3% risk of failure)
Confirm with . or Enter, or press ? or * to list all spells.
Flames lash the goblin.
The goblin is severely wounded.
The goblin's fire resistance burns away.
The orc hits you with a +0 club. The goblin hits you with a +0 dagger.
Casting: Scorch (safe; 3% risk of failure)
Confirm with . or Enter, or press ? or * to list all spells.
Flames lash the orc.
You kill the orc!
You block the orc's attack. You block the goblin's attack.
Casting: Scorch (safe; 3% risk of failure)
Confirm with . or Enter, or press ? or * to list all spells.
Flames lash the orc.
You kill the orc!
The goblin barely misses you.
The orc priest mumbles some strange prayers to Beogh against you.
Beogh smites you!
Casting: Scorch (safe; 3% risk of failure)
Confirm with . or Enter, or press ? or * to list all spells.
The spell is extremely dangerous to cast (26% risk of failure)!
Continue anyway?
Casting: Flame Wave (extremely dangerous; 26% risk of failure)
Press: ? - help, Dir - look around, f - activate A wave of flame ripples out!
The flame wave engulfs the goblin!!
The goblin is burned terribly!
You kill the goblin! (Press . to intensify the flame waves.)
The orc priest invokes the aid of Beogh against you.
Beogh smites you!
* * * LOW HITPOINT WARNING * * *
A wave of flame ripples out!
The flame wave engulfs the orc!
You kill the orc!
* * * LOW HITPOINT WARNING * * *
The orc priest mumbles some strange prayers to Beogh against you.
Beogh smites you!
You die...

##.####.#### # ##.# #.#
.# ...# ##.## ###. ##
#### #<..# #.. .. #...#
#.# #.#### # #.(.#####.#
#...... ######.........#
.......
##...........#.##).o....
...>............@)).#
##...........#......#
######...#####.###......
# #.........# .##### #
##...####### # #......#
#.#.##.# ###.#.##.#
###.....##.# ########


You could see an orc priest.

Vanquished Creatures
  A scorpion (D:4)
  A river rat (D:3)
  4 adders
  An adder skeleton (D:4)
  2 worms
  A dart slug (D:1)
  4 orcs
  7 ball pythons
  5 endoplasms
  2 giant cockroaches
  5 hobgoblins
  5 jackals
  2 quokkas (D:3)
  8 bats
  3 frilled lizards (D:1)
  7 goblins
  6 kobolds
  10 rats
74 creatures vanquished.

Vanquished Creatures (others)
  144 foxfires
144 creatures vanquished.

Grand Total: 218 creatures vanquished

Notes
Turn   | Place    | Note
-------+----------+-------------------------------------------
     0 | D:1      | robertstho the Djinni Fire Elementalist began the quest for
                  | the Orb.
     0 | D:1      | Reached XP level 1. HP: 15/15 MP: 0/0
   414 | D:1      | Reached XP level 2. HP: 17/21 MP: 0/0
   626 | D:1      | Found a faded altar of an unknown god.
  1021 | D:1      | Reached skill level 3 in Spellcasting
  1151 | D:1      | Reached XP level 3. HP: 23/25 MP: 0/0
  1151 | D:1      | Learned a level 1 spell: Animate Skeleton
  2215 | D:2      | Reached XP level 4. HP: 29/31 MP: 0/0
  3523 | D:3      | Found a broken altar of Ashenzari.
  3631 | D:3      | Reached XP level 5. HP: 27/36 MP: 0/0
  3631 | D:3      | Learned a level 2 spell: Slow
  3933 | D:4      | Reached skill level 1 in Fighting
  4258 | D:4      | Found an ornate altar of the Wu Jian Council.
  4378 | D:4      | Reached skill level 4 in Spellcasting
  4597 | D:4      | Killed from afar by an orc priest

Illustrated notes

Levels and vault maps discovered:
D:1:      psy_arrival_basics, layout_loops_ring, ebering_ecumenical_altar_rust
D:2:      minmay_inner_zag, layout_rooms
D:3:      layout_loops_ring, nicolae_ashenzari_skybound, gup_sewer_entry_bubbles
D:4:      layout_loops_cross, nicolae_wu_jian_wuxing_cycle,
          chequers_serial_rivers_micro_c

Skill      XL: |  1  2  3  4  5 |
---------------+----------------+-----
Spellcasting   | 3 4 |  4.2
Stealth        | 2 |  2.1
Fighting       | 1 |  1.4
Short Blades   | |  0.3
Dodging        | |  2.4

Action                   |  1- 3 |  4- 6 || total
-------------------------+-------+-------++-------
Melee: Short sword       |     1 |    17 ||    18
 Cast: Foxfire           |    89 |     7 ||    96
       Scorch            |     3 |    44 ||    47
       Flame Wave        |       |     1 ||     1
  Use: Scroll            |     2 |       ||     2
 Stab: Sleeping          |       |     1 ||     1
Armor: Robe              |       |     3 ||     3
Dodge: Dodged            |     2 |    35 ||    37
Block: Other             |       |     8 ||     8

Table legend: (Time is in decaauts)
 A = Elapsed time spent in this place.
 B = Non-inter-level travel time spent in this place.
 C = Inter-level travel time spent in this place.
 D = Time resting spent in this place.
 E = Time spent auto-exploring this place.
 F = Levels seen in this place.
 G = Mean time per level.
                   A        B        C        D        E       F      G
               +--------+--------+--------+--------+--------+-----+--------+
         Total |   4595 |   4514 |     81 |      0 |   3966 |   4 | 1148.8 |
       Dungeon |   4595 |   4514 |     81 |      0 |   3966 |   4 | 1148.8 |
               +--------+--------+--------+--------+--------+-----+--------+

Top non-repeatable levels by time:
     D:1: 1589 daAuts
     D:2: 1333 daAuts
     D:3: 1001 daAuts
     D:4: 672 daAuts
